 Dungeon Crawl Stone Soup version 0.31-a0-986-g5e6e4ef867 (webtiles) character file.

Game seed: 3138314463054822299

1306 Xavori the Trooper (level 8, -13/58 HPs)
             Began as a Djinni Chaos Knight on Nov 5, 2023.
             Was a Plaything of Xom.
             Mangled by an ice beast (18 damage)
             ... on level 6 of the Dungeon.
             The game lasted 00:06:15 (6493 turns).

Xavori the Trooper (Djinni Chaos Knight)            Turns: 6493, Time: 00:06:15

Health: -13/58     AC:  5    Str: 20    XL:     8   Next: 88%
Gold:   246        EV: 13    Int: 17    God:    Xom [..*...] SH:  5 Dex: 11

rFire   + + .        a - +1 falchion (chaos)
rCold   x . .        d - +1 buckler
rNeg    . . .        b - +2 leather armour
rPois   ∞            (helmet restricted)
rElec   .            (no cloak)
rCorr   .            (no gloves)
SInv    .            (boots unavailable)
Will    +....        g - amulet of regeneration
Stlth   +            k - +6 ring of strength
HPRegen 1.09/turn    p - ring of willpower
MPRegen 0.00/turn

%: infuse magic (-14 HP)
@: about to teleport, flying
A: sickness immunity, fire resistance 2, cold vulnerability 1, float, innate
caster, HP casting, extra vitality 1, antennae 2, clever 1, clumsy 1, strong 1,
wild magic 1, sturdy frame 1
a: Renounce Religion


You were on level 6 of the Dungeon.
You worshipped Xom.
You were a toy of Xom.
You visited 1 branch of the dungeon, and saw 6 of its levels.

You collected 246 gold pieces.

Inventory:

Hand Weapons
 a - a +1 falchion of chaos (weapon)
Armour
 b - a +2 leather armour (worn)
 d - a +1 buckler (worn)
Jewellery
 g - an amulet of regeneration (around neck)
 k - a +6 ring of strength (left hand)
 p - a ring of willpower (right hand)
Scrolls
 c - a scroll of butterflies
 l - a scroll of immolation
 m - 3 scrolls of teleportation
 n - 2 scrolls of poison
 q - 2 scrolls of enchant weapon
 r - 2 scrolls of enchant armour
 s - 2 scrolls of blinking
Potions
 e - a potion of degeneration {unknown}
 f - a potion of mutation {unknown}
 h - a potion of brilliance {unknown}
 i - a potion of haste {unknown}
 j - a potion of invisibility {unknown}
 t - a potion of lignification {unknown}


   Skills:
 + Level 4.9 Fighting
 + Level 4.4 Long Blades
 + Level 3.9 Armour
 + Level 4.7 Dodging
 + Level 3.5 Shields
 * Level 3.5 Spellcasting
 * Level 3.5 Conjurations
 * Level 3.5 Hexes
   Level 0.0 Charms
 * Level 3.5 Summonings
 * Level 3.5 Necromancy
 * Level 3.5 Translocations
 * Level 3.5 Transmutations
 * Level 3.5 Fire Magic
 * Level 3.5 Ice Magic
 * Level 3.5 Air Magic
 * Level 3.5 Earth Magic
 * Level 3.5 Poison Magic


You knew the following spells:

 Your Spells              Type           Power      Damage    Failure   Level
a - Magic Dart            Conj           76%        1d6       8%          1
b - Jinxbite              Hex            38%        N/A       12%         2
c - Poisonous Vapours     Pois/Air       38%        N/A       12%         2
Your spell library was empty.

Dungeon Overview and Level Annotations

Branches:
Dungeon (6/15)             Temple (0/1) D:6

Altars:
Elyvilon
Qazlal
Uskayaw
Zin
The Shining One

Shops:
D:2 =

Annotations:
D:4 Pargi


Innate Abilities, Weirdness & Mutations

You are immune to sickness and miasma.
You are immune to poison.
Your flesh is very heat resistant. (rF++)
You are vulnerable to cold. (rC-)
You float through the air rather than walking.
You learn spells naturally, not from books.
Your magical power is your life essence.
You have superior vitality. (+4 MHP)
You have a pair of antennae on your head.
Your mind is acute. (Int +4, Str/Dex -1)
You are clumsy. (Dex -2)
Your muscles are strong. (Str +4, Int/Dex -1)
Your spells are a little harder to cast, but a little more powerful.
Your movements are slightly less encumbered by armour. (ER -2)


Message History

Xom thinks this is hilarious!
* * * LOW HITPOINT WARNING * * *
The ice beast attacks as it pursues you!
The ice beast misses you.
The ice beast attacks as it pursues you!
You block the ice beast's attack.
You hit the ice beast but do no damage.
The ice beast is lightly wounded.
The ice beast hits you. The ice beast freezes you!!
You feel a terrible chill!
Xom thinks this is hilarious!
You hit the ice beast but do no damage.
The ice beast is lightly wounded.
The ice beast hits you but does no damage.
You closely miss the ice beast.
The ice beast is lightly wounded.
The ice beast hits you. The ice beast freezes you!
You feel a terrible chill!
Xom roars with laughter!
* * * LOW HITPOINT WARNING * * *
You hit the ice beast but do no damage.
The ice beast is lightly wounded.
The ice beast barely misses you.
You hit the ice beast but do no damage.
The ice beast is lightly wounded.
Xom smirks.
You feel aware of your surroundings.
You sensed 1 altar.
The ice beast closely misses you.
You hit the ice beast.
The ice beast is lightly wounded.
The ice beast hits you but does no damage.
You aren't carrying any items that you can evoke.
Okay, then.
The ice beast attacks as it pursues you!
The ice beast hits you. The ice beast freezes you!
You feel a terrible chill!
* * * LOW HITPOINT WARNING * * *
As you read the scroll of teleportation, it crumbles to dust.
You feel strangely unstable. The ice beast hits you.
* * * LOW HITPOINT WARNING * * *
The ice beast freezes you!!
You feel a terrible chill!
You die...
Xom roars with laughter!

####...##.##.# ***
#............#.# *
##...........# * #
#....#.########## .#
*,*#.##..†.........###.
*#.##..#.#######.#..
*#.............#.#.#,
*#..#####.####Y#.#.#,
,*#..*,, #.# #@#.#.# ,
#., { #.# #.#.#.#*
**#,,*,,{#.# #.#.#.#
*,, ,_ #.####.#.#.#
,,,#........#.# **,
,#.####.###.# ,#. ,#.##
#.# #.#
**#.##.##..###.# #.# ,
,.............# #.#


You could see an ice beast.

Vanquished Creatures
  A sky beast (D:6)
  An ice beast (D:5)
  3 ogres
  4 scorpions
  2 orc priests
  A sleepcap (D:5)
  A hound (D:5)
  A jelly (D:5)
  3 iguanas
  A gnoll bouda (D:5)
  3 orc wizards (D:5)
  5 gnolls
  4 adders
  4 worms
  5 dart slugs
  15 orcs
  9 bats
  6 endoplasms
  3 giant cockroaches
  4 goblins
  6 hobgoblins
  7 jackals
  5 kobolds
  5 ball pythons
  2 frilled lizards
  12 rats
113 creatures vanquished.

Vanquished Creatures (collateral kills)
  A jelly (D:5)
  Terence (D:2)
  7 gnolls
9 creatures vanquished.

Vanquished Creatures (others)
  A jelly (D:5)
  A hobgoblin (D:4)
2 creatures vanquished.

Grand Total: 124 creatures vanquished

Notes
Turn   | Place    | Note
-------+----------+-------------------------------------------
     0 | D:1      | Xavori the Djinni Chaos Knight began the quest for the Orb.
     0 | D:1      | Reached XP level 1. HP: 20/20 MP: 0/0
    17 | D:1      | XOM: potion effect (might)
    70 | D:1      | XOM: silly message
   120 | D:1      | Reached XP level 2. HP: 25/25 MP: 0/0
   330 | D:1      | XOM: 9-stop teleportation journey
   338 | D:1      | Found a faded altar of an unknown god.
   521 | D:1      | Reached XP level 3. HP: 30/30 MP: 0/0
   521 | D:1      | Learned a level 1 spell: Magic Dart
   823 | D:2      | Reached skill level 1 in Spellcasting
   823 | D:2      | Reached skill level 1 in Conjurations
   823 | D:2      | Reached skill level 1 in Hexes
   823 | D:2      | Reached skill level 1 in Summonings
   823 | D:2      | Reached skill level 1 in Necromancy
   823 | D:2      | Reached skill level 1 in Translocations
   823 | D:2      | Reached skill level 1 in Transmutations
   823 | D:2      | Reached skill level 1 in Fire Magic
   823 | D:2      | Reached skill level 1 in Ice Magic
   823 | D:2      | Reached skill level 1 in Air Magic
   823 | D:2      | Reached skill level 1 in Earth Magic
   823 | D:2      | Reached skill level 1 in Poison Magic
   823 | D:2      | Reached XP level 4. HP: 35/35 MP: 0/0
  1084 | D:1      | XOM is BORED!
  1084 | D:1      | XOM: summons 3 hostile demons
  1232 | D:2      | XOM: scenery: summon butterflies
  1827 | D:1      | XOM: god gift: 8 stones
  2253 | D:1      | XOM: god gift: scroll labelled CYREAHARRE {god gift}
  2959 | D:1      | XOM: god gift: robe {god gift}
  3523 | D:1      | XOM is BORED!
  3523 | D:1      | XOM: give mutations
  3523 | D:1      | Gained mutation: Your muscles are strong. (Str +4, Int/Dex
                  | -1) [Xom's mischief]
  3523 | D:1      | Gained mutation: You are clumsy. (Dex -2) [Xom's mischief]
  3523 | D:1      | Lost mutation: You are clumsy. (Dex -2) [Xom's mischief]
  3523 | D:1      | Lost mutation: Your muscles are strong. (Str +4, Int/Dex
                  | -1) [Xom's mischief]
  3638 | D:1      | XOM: give mutations
  3638 | D:1      | Gained mutation: You have a pair of small antennae on your
                  | head. [Xom's grace]
  3638 | D:1      | Gained mutation: Your muscles are strong. (Str +4, Int/Dex
                  | -1) [Xom's grace]
  3638 | D:1      | Gained mutation: Your movements are slightly less
                  | encumbered by armour. (ER -2) [Xom's grace]
  3685 | D:2      | XOM: scenery: summon butterflies
  3790 | D:2      | XOM: give mutations
  3790 | D:2      | Gained mutation: Your spells are a little harder to cast,
                  | but a little more powerful. [Xom's grace]
  3790 | D:2      | Gained mutation: You have a pair of antennae on your head.
                  | [Xom's grace]
  3790 | D:2      | Gained mutation: Your mind is acute. (Int +4, Str/Dex -1)
                  | [Xom's grace]
  3953 | D:2      | XOM: 4-stop teleportation journey
  3987 | D:2      | Reached skill level 1 in Shields
  4044 | D:2      | Noticed Terence
  4049 | D:2      | XOM: summons 4 friendly demons
  4051 | D:2      | Killed Terence
  4052 | D:2      | Reached XP level 5. HP: 39/40 MP: 0/0
  4052 | D:2      | Learned a level 2 spell: Jinxbite
  4133 | D:2      | Found Geargheotz's Jewellery Shoppe.
  4525 | D:3      | XOM: give mutation
  4525 | D:3      | Gained mutation: You are clumsy. (Dex -2) [Xom's mischief]
  4896 | D:4      | Found a glowing silver altar of Zin.
  4981 | D:4      | Noticed an ogre
  4985 | D:4      | XOM: enchant monster (good)
  4986 | D:4      | Noticed Pargi
  5013 | D:3      | Killed an ogre
  5014 | D:3      | Reached XP level 6. HP: 33/47 MP: 0/0
  5029 | D:4      | XOM: 2-stop teleportation journey
  5184 | D:4      | Identified the "Odidich" (Xom gifted it to you on level 4
                  | of the Dungeon)
  5184 | D:4      | XOM: god gift: Xom's Catalogue of the Amoeba
  5221 | D:4      | XOM: scenery: 1 doors close
  5232 | D:4      | Reached XP level 7. HP: 43/51 MP: 0/0
  5232 | D:4      | Learned a level 2 spell: Poisonous Vapours
  5322 | D:4      | XOM: cloud trail
  5459 | D:5      | Entered Level 5 of the Dungeon
  5477 | D:5      | XOM: god gift: staff of death
  5546 | D:5      | XOM: confuse monster(s)
  5581 | D:5      | Reached XP level 8. HP: 57/58 MP: 0/0
  5882 | D:5      | XOM: silly message
  5889 | D:5      | XOM: silly message
  5916 | D:5      | XOM: silly message
  5951 | D:5      | XOM: potion effect (attraction)
  6051 | D:5      | Found a hide-covered altar of Uskayaw.
  6051 | D:5      | Found a white marble altar of Elyvilon.
  6076 | D:5      | Found a faded altar of an unknown god.
  6078 | D:5      | Found a stormy altar of Qazlal.
  6080 | D:5      | Found a glowing golden altar of the Shining One.
  6251 | D:6      | Found a staircase to the Ecumenical Temple.
  6485 | D:6      | XOM: divination: magic mapping
  6493 | D:6      | Mangled by an ice beast

Illustrated notes

Levels and vault maps discovered:
D:1:      wander_arrival_chamber, layout_basic, ebering_ecumenical_altar_mist
D:2:      cheibrodos_pilgrimage, layout_loops_ring, serial_shops,
          nicolae_shop_waterfront, hangedman_decor_lopped, uniq_terence
D:3:      layout_basic
D:4:      layout_cave_pools, mainiacjoe_overflow_cross_hatched,
          serial_column_ruins, column_ruins_hut, column_ruins_hut_pillars,
          column_ruins_columns_dead_end, column_ruins_open_medium,
          column_ruins_columns_straight, column_ruins_grid_2,
          column_ruins_corridor_straight, column_ruins_grid_1, uniq_pargi
D:5:      layout_rooms, chequers_temple_overflow_minitemple, minmay_door_square
D:6:      layout_basic, vehumet_statue, minmay_temple_entry_metal_lava,
          serial_shops, nicolae_shop_statue_plus, kennysheep_small_circle

Skill      XL: |  1  2  3  4  5  6  7  8 |
---------------+-------------------------+-----
Long Blades    | 3 4 |  4.4
Spellcasting   | 1 2 3 |  3.5
Conjurations   | 1 2 3 |  3.5
Hexes          | 1 2 3 |  3.5
Summonings     | 1 2 3 |  3.5
Necromancy     | 1 2 3 |  3.5
Translocations | 1 2 3 |  3.5
Transmutations | 1 2 3 |  3.5
Fire Magic     | 1 2 3 |  3.5
Ice Magic      | 1 2 3 |  3.5
Air Magic      | 1 2 3 |  3.5
Earth Magic    | 1 2 3 |  3.5
Poison Magic   | 1 2 3 |  3.5
Shields        | 1 2 3 |  3.5
Armour         | 2 3 |  3.9
Dodging        | 3 4 |  4.7
Fighting       | 4 |  4.9

Action                     |  1- 3 |  4- 6 |  7- 9 || total
---------------------------+-------+-------+-------++-------
  Melee: Falchion          |    69 |   168 |   171 ||   408
   Cast: Jinxbite          |       |     2 |       ||     2
         Poisonous Vapours |       |       |    23 ||    23
    Use: Scroll            |       |     8 |     2 ||    10
   Stab: Sleeping          |       |     2 |     2 ||     4
         Distracted        |       |     1 |     1 ||     2
         Petrified         |       |     1 |       ||     1
         Paralysed         |       |       |     2 ||     2
         Confused          |       |       |     1 ||     1
 Armour: Leather armour    |    57 |    95 |   110 ||   262
  Dodge: Dodged            |    36 |   103 |    88 ||   227
  Block: Buckler           |    18 |    41 |    48 ||   107

Table legend: (Time is in decaauts)
 A = Elapsed time spent in this place.
 B = Non-inter-level travel time spent in this place.
 C = Inter-level travel time spent in this place.
 D = Time resting spent in this place.
 E = Time spent auto-exploring this place.
 F = Levels seen in this place.
 G = Mean time per level.
                   A        B        C        D        E       F      G
               +--------+--------+--------+--------+--------+-----+--------+
         Total |   6565 |   6453 |    112 |   2941 |   2463 |   6 | 1094.2 |
       Dungeon |   6565 |   6453 |    112 |   2941 |   2463 |   6 | 1094.2 |
               +--------+--------+--------+--------+--------+-----+--------+

Top non-repeatable levels by time:
     D:1: 3482 daAuts
     D:2: 980 daAuts
     D:5: 796 daAuts
     D:4: 561 daAuts
     D:3: 486 daAuts
     D:6: 259 daAuts
